 Dungeon Crawl Stone Soup version 0.29.0-4-gdea44cf6ec (webtiles) character file.

Game seed: 7825343670265066288

215743 Flugkiller the Severer (level 17, -3/162 HPs)
             Began as a Minotaur Fighter on Aug 27, 2022.
             Was a High Priest of Cheibriados.
             Slain by a hell knight
             ... wielding a +1 long sword of flaming
             ... led by Margery
              (22 damage)
             ... on level 3 of the Vaults.
             The game lasted 00:18:23 (30435 turns).

Flugkiller the Severer (Minotaur Fighter)          Turns: 30435, Time: 00:18:24

Health: -3/162     AC: 34    Str: 36    XL:     17   Next: 89%
Magic:  24/24      EV: 23    Int: 21    God:    Cheibriados [*****.]
Gold:   1284       SH: 18    Dex: 34    Spells: 16/16 levels left

rFire   . . .      SeeInvis +   P - +6 broad axe (flame)
rCold   + + .      Faith    +   g - +1 kite shield "Wila" {Will+ Int+2}
rNeg    . . .      Spirit   .   W - +6 plate armour of Vijump {rC+ Will+ Dex+3 Slay+2}
rPois   +          Reflect  .   a - +2 hat {SInv}
rElec   +          Harm     .   u - +0 cloak
rCorr   .          Rampage  .   e - +2 pair of gloves
Will    +++..                   n - +1 pair of boots
Stlth   ..........              i - amulet of faith
HPRegen 0.37/turn               o - ring of poison resistance
MPRegen 0.19/turn               h - ring "Weaho" {rElec rC+ EV+4 SInv}

@: studying Throwing, very slow
A: horns 2, retaliatory headbutt
}: 2/15 runes: decaying, serpentine
a: Renounce Religion, Bend Time, Temporal Distortion, Slouch, Step From Time


You were on level 3 of the Vaults.
You worshipped Cheibriados.
Cheibriados was extremely pleased with you.
You visited 6 branches of the dungeon, and saw 33 of its levels.
You visited the Abyss 1 time.
You also visited: Gauntlet.

You collected 3437 gold pieces.
You spent 2153 gold pieces at shops.

Inventory:

Hand Weapons
 P - a +6 broad axe of flaming (weapon)
   (You found it in a Gauntlet)
Missiles
 K - 22 boomerangs (quivered)
 V - 9 silver javelins
Armour
 a - a +2 hat of see invisible (worn)
   (You found it in a Gauntlet)
 e - a +2 pair of gloves (worn)
   (You found it on level 6 of the Dungeon)
 g - the +1 kite shield "Wila" (worn) {Will+ Int+2}
   (You found it on level 6 of the Dungeon)

   Int:       It affects your intelligence (+2).
   Will:      It increases your willpower.
 n - a +1 pair of boots (worn)
   (You found it on level 6 of the Dungeon)
 u - a +0 cloak (worn)
   (You found it on level 4 of the Dungeon)
 y - a +0 buckler
 W - the +6 plate armour of Vijump (worn) {rC+ Will+ Dex+3 Slay+2}
   (You found it on level 14 of the Dungeon)

   Dex:       It affects your dexterity (+3).
   Slay:      It affects your accuracy & damage with ranged weapons and melee
   (+2).
   rC:        It protects you from cold.
   Will:      It increases your willpower.
Jewellery
 b - an amulet of the acrobat
   (You found it in a Gauntlet)
 c - a ring of protection from cold
   (You found it on level 3 of the Dungeon)
 f - a ring of protection from fire
   (You took it off a minotaur in a Gauntlet)
 h - the ring "Weaho" (right hand) {rElec rC+ EV+4 SInv}
   (You bought it in a shop on level 2 of the Orcish Mines)

   [ring of evasion]

   EV:        It affects your evasion (+4).
   rC:        It protects you from cold.
   rElec:     It insulates you from electricity.
   SInv:      It lets you see invisible.
 i - an amulet of faith (around neck)
   (You found it on level 4 of the Dungeon)
 m - a ring of willpower
   (You found it on level 1 of the Dungeon)
 o - a ring of poison resistance (left hand)
   (You found it on level 6 of the Dungeon)
 v - a +4 ring of evasion
   (You found it on level 12 of the Dungeon)
 H - a +6 ring of intelligence
   (You found it on level 13 of the Dungeon)
 Q - an amulet of magic regeneration
   (You found it on level 4 of the Swamp)
 S - a ring of protection from fire
   (You found it on level 3 of the Snake Pit)
 Y - a +6 ring of strength
   (You found it on level 2 of the Vaults)
Wands
 D - a wand of charming (27)
   (You found it on level 8 of the Dungeon)
 F - a wand of light (13)
   (You found it in a Gauntlet)
 G - a wand of iceblast (16)
   (You found it on level 9 of the Dungeon)
 U - a wand of mindburst (15)
   (You found it on level 5 of the Lair of Beasts)
Scrolls
 l - 7 scrolls of magic mapping
 p - a scroll of silence
 r - 5 scrolls of identify
 s - 4 scrolls of vulnerability
 t - 9 scrolls of teleportation
 z - 3 scrolls of blinking
 A - a scroll of brand weapon
 N - 3 scrolls of fog
 O - 6 scrolls of fear
 T - 3 scrolls of immolation
 X - a scroll of enchant armour
Potions
 d - 5 potions of might
 j - 11 potions of mutation
 k - a potion of flight
 q - 9 potions of curing
 w - 2 potions of heal wounds
 x - a potion of berserk rage
 E - 2 potions of lignification
 J - 2 potions of magic
 L - 4 potions of cancellation
 M - a potion of haste {unknown}
 R - 2 potions of invisibility
Miscellaneous
 C - a tin of tremorstones (2/2)
   (You found it on level 12 of the Dungeon)
 I - a phantom mirror
   (You found it in a Gauntlet)


   Skills:
 + Level 17.6 Fighting
 - Level 18.0 Axes
 - Level 15.0 Throwing
 + Level 17.7 Armour
 - Level 10.6 Dodging
 + Level 13.4 Shields
 - Level 11.0 Invocations


You had 16 spell levels left.
You didn't know any spells.
Your spell library was empty.

Dungeon Overview and Level Annotations

Branches:
Dungeon (15/15)            Temple (0/1) D:4            Lair (5/5) D:8
  Swamp (4/4) Lair:3        Snake (4/4) Lair:2        Slime (0/5) Lair:4
    Orc (2/2) D:9             Elf (0/3) Orc:2        Vaults (3/5) D:14
 Depths (0/4) D:15        Gauntlet (visited)
  Crypt: Vaults:2-3

Altars:
Cheibriados
Gozag
Wu Jian
Jiyva

Shops:
D:2 !   D:4 [   D:6 ?   D:8 *   D:12 *   Orc:2 !(=?=   Snake:2 (   Snake:4 [
Vaults:2 (

Annotations:
D:9 1 runed translucent door, arrururu's ghost, novice TeCj
D:11 1 runed translucent door, yegreS's ghost, journeyman MiFi
D:15 2 transporters, Epsin's ghost, journeyman MiFi
Lair:2 exclusion: oklob plant
Vaults:3 Margery


Innate Abilities, Weirdness & Mutations

You have a pair of horns on your head.
You reflexively headbutt those who attack you in melee.


Message History

You hit the starcursed mass but do no damage.
You headbutt the starcursed mass, but do no damage.
The starcursed mass is heavily damaged.
You slash the starcursed mass! You burn the starcursed mass.
You destroy the starcursed mass!
Cheibriados appreciates the change of pace.
You slice the starcursed mass!! You burn the starcursed mass.
You destroy the starcursed mass!
Cheibriados appreciates the change of pace.
A starcursed mass splits.
A chorus of shrieks assaults your mind.
* * * LOW HITPOINT WARNING * * *
You hit the starcursed mass but do no damage.
You headbutt the starcursed mass!
You destroy the starcursed mass!
Cheibriados thoroughly appreciates the change of pace.
Cheibriados raises the support of your attributes as your movement slows.
You slice the starcursed mass!! You burn the starcursed mass.
You destroy the starcursed mass!
Cheibriados appreciates the change of pace.
You are confused.
You feel invigorated.
You feel less invigorated.
You feel less confused.
A spatial vortex comes into view.
A tentacled starspawn comes into view.
Tentacles burst from the starspawn's body!
A starspawn tentacle comes into view.
You slash the tentacled starspawn! You burn the tentacled starspawn.
The tentacled starspawn is moderately damaged.
You slice the tentacled starspawn!! You burn the tentacled starspawn!
The tentacled starspawn is severely damaged.
You barely miss the tentacled starspawn.
You headbutt the tentacled starspawn!!
The tentacled starspawn is almost destroyed.
A tentacle flies out from the starspawn's body!
A glowing orange brain comes into view.
A starspawn tentacle comes into view.
You slash the tentacled starspawn! You burn the tentacled starspawn.
You destroy the tentacled starspawn!
Cheibriados appreciates the change of pace.
The starspawn's tentacles wither and die.
A spatial vortex comes into view.
A large abomination comes into view.
The glowing orange brain pulsates.
Something tries to feed on your intellect!
Found a ring of ice and a robe.
The substance of the Abyss twists violently, and a gateway leading out appears!
A spatial vortex comes into view.
There is a gateway leading out of the Abyss here.
Your memory of the abyssal rune fades away.
You pass through the gate.
Welcome back to the Vaults!
Level annotation: Margery The ironbound convoker completely misses you.
You furiously retaliate!
You headbutt the ironbound convoker!! Margery hits you but does no damage.
Space warps around you.
You slash Margery! You burn Margery!
Margery is lightly wounded.
You hit the hell knight but do no damage.
You hit the ironbound convoker. You burn the ironbound convoker.
The ironbound convoker gestures at the hell knight while chanting.
The hell knight seems to grow stronger.
You block Margery's attack. You block the hell knight's attack.
The hell knight utters an invocation to its god.
The hell knight seems to speed up.
You hit the ironbound convoker but do no damage.
You headbutt the ironbound convoker!
The ironbound convoker is severely wounded.
You hit Margery but do no damage.
You hit the hell knight but do no damage.
You slice the necromancer!! You burn the necromancer!
You slice the necromancer!! You burn the necromancer.
You kill the necromancer!
Cheibriados appreciates the change of pace.
You slash Margery! You burn Margery.
You hit the ironbound convoker but do no damage.
You slash the hell knight!
You block the ironbound convoker's attack.
The hell knight mumbles some strange prayers to its god.
The hell knight seems to speed up.
You block Margery's attack.
You slice the ironbound convoker!! You burn the ironbound convoker.
You kill the ironbound convoker!
Cheibriados thoroughly appreciates the change of pace.
You slice the hell knight!! You slash Margery! You burn Margery.
You slice the hell knight!!
The hell knight hits you with a +4 war axe!
The hell knight mumbles some strange prayers to its god.
The hell knight seems to speed up.
Margery barely misses you.
You are too injured to fight recklessly!
You are too injured to fight recklessly!
You are too injured to fight recklessly!
You slash Margery! You burn Margery. You headbutt Margery!
Margery is heavily wounded.
You hit the hell knight. x2
The hell knight mumbles some strange prayers to its god against you.
The bolt of fire hits you!!
* * * LOW HITPOINT WARNING * * *
The bolt of fire hits the hell knight.
The hell knight completely resists.
The hell knight hits you with a +1 long sword of flaming!!
You die...

#######++##
#.........#
#.........#
#.........#
#.........#
#..).<....#
#..p@p....#
#...)@....#
#.........#
#.........#
#...p.....+
#.........#
#.........#
#.........#


You could see Margery and 3 hell knights.

Vanquished Creatures
  Mara (Swamp:4)
  Vashnia (Snake:4)
  Rupert (D:15)
  2 sphinxes
  A tentacled starspawn (Abyss:5)
  4 thorn hunters
  An Executioner (Abyss:5)
  3 nagarajas
  A revenant (Abyss:5)
  A fire giant (D:15)
  2 vault wardens (Vaults:2)
  An angel (Abyss:5)
  An ironbound preserver (Vaults:2)
  An ironbound thunderhulk (Vaults:2)
  A stone giant (Vaults:1)
  2 eleionomae (Swamp:2)
  Azrael (D:15)
  3 bunyips
  A deep elf annihilator (Vaults:2)
  A minotaur (Gauntlet)
  A blizzard demon (Abyss:5)
  A yaktaur captain (Vaults:2)
  A fire dragon (Lair:5)
  2 boulder beetles
  Josephine (D:15)
  4 ice dragons (Swamp:4)
  10 hydras
  A salamander tyrant (Snake:4)
  A spriggan air mage (Swamp:4)
  15 naga warriors
  8 vault guards (D:14)
  12 centaur warriors
  3 ironbound frosthearts
  A catoblepas (Lair:4)
  4 anacondas (Snake:3)
  A ghost crab (Swamp:1)
  An ogre mage (D:15)
  9 two-headed ogres
  8 alligators
  A tengu warrior (D:14)
  4 orc high priests (Orc:2)
  A thrashing horror (Abyss:5)
  Urug (D:13)
  11 naga sharpshooters
  6 shock serpents
  10 spriggans
  4 sixfirhies
  A goliath frog (Swamp:3)
  5 spriggan druids
  3 deep trolls (Vaults:2)
  3 salamander mystics (Snake:4)
  3 swamp dragons
  9 naga ritualists
  2 bog bodies
  5 lindwurms
  A wizard (Vaults:2)
  A necromancer (Vaults:3)
  2 ironbound convokers
  9 mana vipers
  An orc sorcerer (Orc:2)
  A deep elf pyromancer (D:15)
  5 manticores
  8 will-o-the-wisps
  6 ugly things
  10 salamanders
  A cyclops (D:14)
  4 guardian serpents (Snake:4)
  A vault sentinel (Vaults:1)
  3 centaur zombies (D:12)
  24 black mambas
  3 molten gargoyles (Lair:5)
  10 naga magi
  Psyche (D:8)
  11 cane toads
  A redback zombie (D:12)
  2 rime drakes (Lair:2)
  2 tengu conjurers (D:15)
  9 komodo dragons
  4 freezing wraiths (Swamp:4)
  An ancient zyme (Abyss:5)
  A polar bear (Lair:5)
  4 trolls
  3 tyrant leeches
  4 hornets
  9 slime creatures
  16 dream sheep
  6 blink frogs
  A meliai zombie (D:12)
  9 raiju
  5 flying skulls
  2 centaur simulacra
  4 large abominations (Abyss:5)
  5 shadows
  6 wyverns
  8 wraiths
  7 basilisks
  2 vampires
  A ynoxinul (Abyss:5)
  3 swamp worm simulacra (Swamp:4)
  5 steam dragons
  47 yaks
  2 fire elementals (D:15)
  A neqoxec (Abyss:5)
  A golden eye (shapeshifter) (D:13)
  2 wargs
  2 acid dragons (D:11)
  8 vampire mosquitoes
  40 nagas
  13 swamp worms
  16 hydra simulacra (Swamp:4)
  10 hell hounds
  28 water moccasins
  A swamp drake (Swamp:1)
  17 orc warriors
  An ice beast (D:7)
  2 black bears (D:8)
  4 wolves (Lair:2)
  5 ogres
  7 centaurs
  A phantom (D:6)
  3 kobold brigands
  2 necrophages (D:6)
  Blork the orc (D:4)
  10 bullfrogs
  3 scorpions
  6 wights (D:8)
  10 killer bees
  5 howler monkeys
  2 electric eels (D:14)
  5 lava snakes (Lair:5)
  15 starcursed masses (Abyss:5)
  5 hounds
  A gnoll bouda (D:8)
  26 orc priests
  3 jellies (D:15)
  28 orc wizards
  2 iguanas
  3 gnolls (D:8)
  A river rat (D:6)
  7 adders
  2 ufetubi
  2 worms
  2 dart slugs (D:1)
  90 orcs
  5 endoplasms
  3 giant cockroaches (D:1)
  4 hobgoblins
  6 jackals
  8 quokkas
  7 ball pythons
  3 bats
  4 frilled lizards
  9 goblins
  12 kobolds
  10 rats
  6 briar patches
924 creatures vanquished.

Vanquished Creatures (others)
  A shambling mangrove (Swamp:4)
  A naga warrior (Snake:4)
  A hornet (Swamp:4)
  A spriggan (Swamp:4)
  A centaur (D:13)
  A killer bee (D:9)
  2 briar patches (Swamp:4)
  16 demonic plants (Gauntlet)
  29 foxfires
  44 fungi
  70 plants
  3 starspawn tentacles (Abyss:5)
  3 withered plants (D:12)
173 creatures vanquished.

Grand Total: 1097 creatures vanquished

Notes
Turn   | Place    | Note
-------+----------+-------------------------------------------
     0 | D:1      | Flugkiller the Minotaur Fighter began the quest for the
                  | Orb.
     0 | D:1      | Reached XP level 1. HP: 19/19 MP: 0/0
   139 | D:1      | Reached skill level 3 in Axes
   139 | D:1      | Reached XP level 2. HP: 27/27 MP: 1/1
   428 | D:1      | Found a faded altar of an unknown god.
   435 | D:1      | Reached XP level 3. HP: 33/33 MP: 2/2
   677 | D:2      | Found Digaxeqaro's Distillery.
  1105 | D:2      | You fall into a shaft and drop 2 floors!
  1170 | D:4      | Noticed Blork the orc
  1174 | D:4      | Killed Blork the orc
  1175 | D:4      | Reached skill level 4 in Axes
  1175 | D:4      | Reached XP level 4. HP: 22/41 MP: 3/3
  1193 | D:3      | Reached XP level 5. HP: 29/47 MP: 4/4
  1463 | D:2      | Bought a potion of curing for 30 gold pieces
  1656 | D:3      | Found a snail-covered altar of Cheibriados.
  1763 | D:3      | Became a worshipper of Cheibriados the Contemplative
  2020 | D:4      | Reached skill level 5 in Axes
  2027 | D:4      | Found an ornate altar of the Wu Jian Council.
  2391 | D:4      | Reached * piety under Cheibriados
  2398 | D:4      | Reached skill level 5 in Fighting
  2398 | D:4      | Reached skill level 1 in Invocations
  2464 | D:4      | Reached skill level 5 in Armour
  2464 | D:4      | Reached XP level 6. HP: 54/56 MP: 5/5
  2477 | D:4      | Found Yfiestretei's Armour Shoppe.
  2573 | D:4      | Found a staircase to the Ecumenical Temple.
  2656 | D:5      | Entered Level 5 of the Dungeon
  2746 | D:5      | Reached skill level 1 in Throwing
  3207 | D:5      | Reached ** piety under Cheibriados
  3208 | D:5      | Reached skill level 1 in Dodging
  3385 | D:5      | Identified the +4 chain mail of the Sun {Harm rPois rF-
                  | Int+5}
  3456 | D:5      | Reached skill level 6 in Axes
  3645 | D:6      | Found Vatocw's Magic Scroll Boutique.
  3677 | D:6      | Reached XP level 7. HP: 61/61 MP: 7/7
  3717 | D:6      | Bought a scroll of blinking for 75 gold pieces
  3717 | D:6      | Bought a scroll of brand weapon for 95 gold pieces
  3717 | D:6      | Bought a scroll of identify for 20 gold pieces
  3717 | D:6      | Bought a scroll of teleportation for 30 gold pieces
  3717 | D:6      | Bought a scroll of magic mapping for 75 gold pieces
  3717 | D:6      | Bought a scroll of identify for 20 gold pieces
  3755 | D:6      | Noticed a yak
  3755 | D:6      | Noticed a yak
  3755 | D:6      | Noticed a yak
  3756 | D:6      | Noticed a yak
  3756 | D:6      | Noticed a yak
  3757 | D:6      | Noticed a yak
  3765 | D:6      | Killed a yak
  3773 | D:6      | Killed a yak
  3778 | D:6      | Killed a yak
  3779 | D:6      | Reached skill level 7 in Axes
  3779 | D:6      | Reached XP level 8. HP: 35/70 MP: 7/9
  3798 | D:6      | Reached *** piety under Cheibriados
  3855 | D:6      | Reached skill level 8 in Axes
  4072 | D:6      | Identified the +1 kite shield "Wila" {Will+ Int+2}
  4760 | D:7      | Reached **** piety under Cheibriados
  4761 | D:7      | Reached XP level 9. HP: 43/78 MP: 10/10
  5750 | D:8      | Reached skill level 9 in Axes
  5758 | D:8      | Found a staircase to the Lair.
  5797 | D:8      | Noticed Psyche
  5805 | D:8      | Reached ***** piety under Cheibriados
  5818 | D:8      | Reached skill level 5 in Dodging
  5822 | D:8      | Killed Psyche
  6049 | D:8      | Found Gozag's Platinum Reserve.
  6156 | D:8      | Reached XP level 10. HP: 67/88 MP: 12/12
  6195 | D:8      | Reached skill level 10 in Axes
  6283 | D:8      | Reached skill level 5 in Throwing
  6292 | D:8      | Reached skill level 5 in Invocations
  6699 | D:8      | Found an opulent altar of Gozag.
  7336 | D:9      | Reached ****** piety under Cheibriados
  7345 | D:9      | Found a staircase to the Orcish Mines.
  7626 | D:9      | Noticed a two-headed ogre
  7635 | D:9      | Killed a two-headed ogre
  7636 | D:9      | Reached skill level 11 in Axes
  7883 | D:9      | Found a runed translucent door.
  7883 | D:9      | Noticed a centaur warrior
  7884 | D:9      | Noticed arrururu's ghost (novice TeCj)
  8226 | D:10     | Entered Level 10 of the Dungeon
  8978 | D:11     | Reached XP level 11. HP: 87/95 MP: 14/14
  9091 | D:11     | Found a runed translucent door.
  9823 | D:11     | Found a flickering gateway to a bazaar.
 10158 | D:11     | Reached skill level 12 in Axes
 10331 | D:11     | Noticed yegreS's ghost (journeyman MiFi)
 10336 | D:11     | Identified a scroll of acquirement
 10340 | D:11     | Acquired 961 gold pieces
 10497 | D:4      | Bought the +7 plate armour of Impish Curiosity {rN+} for
                  | 899 gold pieces
 10587 | Lair:1   | Entered Level 1 of the Lair of Beasts
 10597 | Lair:1   | Found a gate leading to a gauntlet.
 10607 | Gauntlet | Entered a Gauntlet
 10607 | Gauntlet | Found a transporter.
 10607 | Gauntlet | Found a transporter.
 10642 | Gauntlet | Found a transporter.
 10645 | Gauntlet | Found a transporter.
 10645 | Gauntlet | Found a transporter.
 10647 | Gauntlet | Found a transporter.
 10655 | Gauntlet | Found a transporter.
 10659 | Gauntlet | Found a transporter.
 10663 | Gauntlet | Noticed a sixfirhy
 10666 | Gauntlet | Noticed a sixfirhy
 10666 | Gauntlet | Noticed a hell beast
 10669 | Gauntlet | Found a transporter.
 10669 | Gauntlet | Noticed a sixfirhy
 10771 | Gauntlet | Found a transporter.
 10775 | Gauntlet | Found a transporter.
 10789 | Gauntlet | Found a transporter.
 10902 | Gauntlet | Killed a sixfirhy
 10902 | Gauntlet | Killed a sixfirhy
 10908 | Gauntlet | Killed a sixfirhy
 11136 | Gauntlet | Identified the +2 falchion of the Lumpy Xalams {vorpal,
                  | rN++ Str+3}
 11136 | Gauntlet | Noticed a minotaur
 11142 | Gauntlet | Killed a minotaur
 11676 | Lair:1   | Noticed a seven-headed hydra
 11682 | Lair:1   | Killed a nine-headed hydra
 12022 | Lair:2   | Reached skill level 13 in Axes
 12024 | Lair:2   | Reached XP level 12. HP: 84/106 MP: 16/16
 12025 | Lair:2   | Reached skill level 10 in Fighting
 12025 | Lair:2   | Reached skill level 10 in Armour
 12197 | Lair:2   | Found a staircase to the Snake Pit.
 13487 | Lair:3   | Reached skill level 14 in Axes
 13524 | Lair:3   | Found a staircase to the Swamp.
 14151 | Lair:4   | Noticed a catoblepas
 14161 | Lair:4   | Killed a catoblepas
 14287 | Lair:4   | Noticed a four-headed hydra
 14303 | Lair:4   | Noticed a seven-headed hydra
 14307 | Lair:4   | Killed a 20-headed hydra
 14309 | Lair:4   | Killed a nine-headed hydra
 14600 | Lair:4   | Reached XP level 13. HP: 104/115 MP: 18/18
 14745 | Lair:4   | Found a viscous altar of Jiyva.
 14746 | Lair:4   | Found a staircase to the Slime Pits.
 15084 | Lair:5   | Entered Level 5 of the Lair of Beasts
 15350 | Lair:5   | Reached skill level 15 in Axes
 16258 | Lair:5   | Found a large runed translucent door.
 16259 | Lair:5   | Found a large runed translucent door.
 16491 | Lair:5   | Noticed a fire dragon
 16743 | Lair:5   | Killed a fire dragon
 16966 | Lair:5   | Acquired the +18 Lear's hauberk
 16966 | Lair:5   | Found the +18 Lear's hauberk
 16968 | Lair:5   | Acquired a manual of Throwing
 17676 | D:12     | Found Suoneaturch's Assorted Antiques.
 17779 | D:12     | Reached skill level 10 in Dodging
 17972 | D:13     | Reached skill level 16 in Axes
 18126 | D:12     | Reached XP level 14. HP: 125/125 MP: 19/19
 18755 | D:13     | Noticed Urug
 18768 | D:13     | Killed Urug
 19351 | D:13     | Identified the +8 spear of the Lumpy Dances {vorpal, *Noise
                  | rC+ Int+3}
 19767 | D:14     | Reached skill level 10 in Throwing
 19849 | D:14     | Identified the +6 plate armour of Vijump {rC+ Will+ Dex+3
                  | Slay+2}
 20168 | D:14     | Identified the +2 ring mail of Xacan {rPois rC- Dex+4}
 20169 | D:14     | Found a gate to the Vaults.
 20857 | D:15     | Entered Level 15 of the Dungeon
 20857 | D:15     | Noticed Rupert
 20862 | D:15     | Killed Rupert
 20893 | D:15     | Noticed Azrael
 20909 | D:15     | Killed Azrael
 20910 | D:15     | Reached skill level 17 in Axes
 20911 | D:15     | Reached skill level 10 in Invocations
 20949 | D:15     | Noticed a fire giant
 21388 | D:15     | Found a viscous altar of Jiyva.
 21508 | D:15     | Killed a fire giant
 21658 | D:15     | Reached skill level 5 in Shields
 21731 | D:15     | Noticed Josephine
 21736 | D:15     | Killed Josephine
 21737 | D:15     | Reached XP level 15. HP: 101/131 MP: 21/21
 21878 | D:15     | Found a staircase to the Depths.
 21903 | D:15     | Found a transporter.
 21904 | D:15     | Noticed Epsin's ghost (journeyman MiFi)
 21906 | D:15     | Noticed a frost giant
 21913 | D:15     | Identified the +1 leather armour of the Assorted Knives
                  | {Int+6}
 21917 | D:15     | Identified the +4 great mace of Qooceqed {flame, rPois
                  | Str+5 Dex+5}
 21917 | D:15     | Noticed a fire giant
 21918 | D:15     | Noticed a fire giant
 21925 | D:15     | Found a transporter.
 22125 | Orc:1    | Entered Level 1 of the Orcish Mines
 22488 | Orc:2    | Entered Level 2 of the Orcish Mines
 22490 | Orc:2    | Found a staircase to the Elven Halls.
 22841 | Orc:2    | Found Jyfuvval's Jewellery Shop.
 22841 | Orc:2    | Found Owkujyff's Magic Scroll Shop.
 22842 | Orc:2    | Found Joych's Antique Weapon Boutique.
 22846 | Orc:2    | Found Zyesh's Distillery.
 22853 | Orc:2    | Bought the ring "Weaho" {rElec rC+ EV+4 SInv} for 734 gold
                  | pieces
 22858 | Orc:2    | Bought a scroll of brand weapon for 123 gold pieces
 22858 | Orc:2    | Bought a scroll of fear for 52 gold pieces
 23169 | Orc:2    | Found Huanayl's Jewellery Shoppe.
 23569 | Swamp:1  | Entered Level 1 of the Swamp
 23570 | Swamp:1  | Noticed a thorn hunter
 23582 | Swamp:1  | Killed a thorn hunter
 23970 | Swamp:2  | Reached skill level 18 in Axes
 24767 | Swamp:3  | Noticed a thorn hunter
 24773 | Swamp:3  | Killed a thorn hunter
 25071 | Swamp:3  | Noticed a thorn hunter
 25079 | Swamp:3  | Killed a thorn hunter
 25204 | Swamp:4  | Entered Level 4 of the Swamp
 25205 | Swamp:4  | Noticed a thorn hunter
 25656 | Swamp:4  | Killed a thorn hunter
 25939 | Swamp:4  | Noticed Mara
 25940 | Swamp:4  | Noticed Flugkiller's illusion
 25977 | Swamp:4  | Noticed Flugkiller's illusion
 25977 | Swamp:4  | Killed Mara
 25978 | Swamp:4  | Reached XP level 16. HP: 129/146 MP: 17/23
 26638 | Swamp:4  | Got a decaying rune of Zot
 26791 | Snake:1  | Entered Level 1 of the Snake Pit
 27088 | Snake:2  | Found Ocot's Weapon Boutique.
 27163 | Snake:3  | Reached skill level 15 in Armour
 27173 | Snake:3  | Reached skill level 15 in Fighting
 27649 | Snake:4  | Entered Level 4 of the Snake Pit
 27681 | Snake:4  | Found Eledar's Antique Armour Shop.
 27698 | Snake:4  | Reached skill level 10 in Shields
 27701 | Snake:4  | Reached skill level 15 in Throwing
 28716 | Snake:4  | Reached XP level 17. HP: 158/158 MP: 24/24
 28838 | Snake:4  | Noticed Vashnia
 28904 | Snake:4  | Killed Vashnia
 29268 | Snake:4  | Got a serpentine rune of Zot
 29562 | Vaults:1 | Entered Level 1 of the Vaults
 29758 | Vaults:2 | Found Xafepih's Antique Weapon Shoppe.
 30281 | Vaults:3 | Noticed Margery
 30284 | Abyss:5  | Cast into level 5 of the Abyss (Margery)
 30408 | Abyss:5  | Paralysed by accursed screaming for 1 turns
 30430 | Vaults:3 | Escaped the Abyss
 30435 | Vaults:3 | Slain by a hell knight

Illustrated notes

Levels and vault maps discovered:
D:1:      dpeg_arrival_shrine, layout_rooms, shapermc_ecumenical_altar_acropolis
D:2:      layout_loops_cross, serial_shops, nicolae_shop_window_shopping
D:3:      layout_rooms, mainiacjoe_overflow_paths
D:4:      layout_rooms, nicolae_wu_jian_wuxing_cycle, temple_hall, serial_shops,
          kennysheep_mini_moat, uniq_blork_the_orc
D:5:      layout_loops_cross
D:6:      layout_loops_ring, portal_sewer_entry_e, serial_shops,
          nicolae_shop_hallway_stairs
D:7:      layout_basic, enter_bailey_3
D:8:      layout_cave_pools, nicolae_gozag_zags_fifth_avenue,
          due_lair_maze_entry_diamond, kennysheep_generic_room_6, uniq_psyche
D:9:      layout_basic, hiddenorc2_lemuel, ebering_ghost_inner_flame
D:10:     layout_roguey, minmay_misc_feat_doors, minmay_misc_feat_rugged
D:11:     layout_stronghold, serial_shops, freezing_bzr,
          ebering_ghost_reflecting_pool
D:12:     layout_layer_cave, serial_undead, serial_undead_b, serial_undead_e,
          serial_undead_f, serial_undead_a, serial_shops, nicolae_shop_stone,
          minmay_lindwurm_lava
D:13:     layout_irregular_city, uniq_urug
D:14:     layout_roguey, erik_vaults_2, kennysheep_crisscross
D:15:     grunt_enter_depths_giant_problem, layout_cave_pools,
          gammafunk_ghost_smash, jiyva_altar_1, uniq_rupert, uniq_azrael,
          uniq_josephine
Lair:1:   layout_loops_ring, gauntlet_entry_generic,
          infiniplex_staircase_pool_2, lemuel_fruit_tree
Lair:2:   layout_regular_city, minmay_snake_entry_six_corridors,
          cheibrodos_lair_caveside_slide
Lair:3:   layout_roguey, minmay_swamp_entry_worms
Lair:4:   layout_cave_pods, dpeg_slime_entry_enclosed, serial_bayou_lagoon_a,
          minmay_holes, st_stairs_10
Lair:5:   cheibrodos_lair_end_hotspot, layout_regular_city
Swamp:1:  layout_basic_swamp, evilmike_swamp_ruin_house_3
Swamp:2:  layout_basic_swamp, serial_swamp_ruin, hangedman_swamp_ruin_wall,
          evilmike_swamp_ruin_house_2, evilmike_swamp_ruin_house_6, uniq_jorgrun
Swamp:3:  layout_basic_swamp, hangedman_swamp_pad, swamp_pool4,
          lightli_tree_ring, infiniplex_staircase_pool
Swamp:4:  swamp_icy, layout_basic_swamp, uniq_donald, uniq_mara
Snake:1:  layout_misc_corridors, grunt_ministairs_13
Snake:2:  layout_grid_maze, basic_altar, serial_shops,
          nicolae_shop_bloodbath_and_beyond, grunt_megastairs_2
Snake:3:  layout_onion_interference, serial_bayou_shore_a
Snake:4:  johnstein_snake_rune_scales, layout_cave_shapes, serial_shops, shop,
          nicolae_triple_integral
Orc:1:    layout_caves, uniq_maurice
Orc:2:    st_orc_mages, layout_caves, serial_shops, nicolae_lakefront_shop
Vaults:1: portal_desolation_entry_nicolae_slug, vaults_dpeg_hooks,
          vaults_mumra_hex, nicolae_vaults_three_branches,
          vaults_dpeg_encased_lava, ontoclasm_vaults_eye,
          nicolae_vaults_big_angled_halls, nicolae_vaults_network_star,
          grunt_vaults_diagonal, vaults_dpeg_spiral, st_hourglassy,
          layout_vaults_chaotic_city, serial_shops, shop
Vaults:2: ontoclasm_vaults_bender, nicolae_vaults_network_periphery, v_rooms_1,
          v_misc_14, grunt_vaults_focal, v_pattern_5,
          nicolae_vaults_diagonal_hallway_8, dpeg_vaults_monster_box,
          ontoclasm_vaults_gallery, hangedman_vaults_restitches,
          nicolae_vaults_mini_display_case, layout_vaults_maze_bifur,
          serial_shops, nicolae_shop_overgrown_old_shop
Vaults:3: v_misc_22, vaults_room_ringed_pool, hangedman_vaults_cutoff,
          nicolae_vaults_little_ls, nicolae_vaults_little_squares_1,
          nicolae_vaults_rhombus_5, nicolae_vaults_display_case,
          layout_vaults_omnigrid, dummy_crypt_entry, uniq_margery

Skill      XL: |  1  2  3  4  5  6  7  8  9 10 11 12 13 14 15 16 17 |
---------------+----------------------------------------------------+-----
Axes           | 3 4 5 6 7 8 9 11 13 14 16 17 18 | 18.0
Fighting       | 4 5 6 7 8 9 10 11 13 14 15 17 | 17.6
Armour         | 4 5 6 7 8 9 11 12 13 14 16 17 | 17.7
Invocations    | 1 2 3 4 6 7 8 9 10 11 | 11.0
Throwing       | 1 2 3 4 6 7 8 9 11 13 15 | 15.0
Dodging        | 1 2 3 5 6 7 8 10 | 10.6
Shields        | 5 8 11 13 | 13.4

Action                   |  1- 3 |  4- 6 |  7- 9 | 10-12 | 13-15 | 16-18 || total
-------------------------+-------+-------+-------+-------+-------+-------++-------
Melee: War axe           |    84 |   103 |   185 |   247 |       |       ||   619
       Headbutt          |     8 |    20 |    39 |    92 |   189 |   137 ||   485
       Broad axe         |       |       |       |   171 |   736 |   460 ||  1367
Throw: Boomerang         |       |       |       |     3 |    15 |   104 ||   122
Invok: Slouch            |       |       |       |     2 |     9 |    16 ||    27
       Step From Time    |       |       |       |       |     3 |     1 ||     4
Evoke: Tin of tremorston |       |       |       |       |       |     1 ||     1
  Use: Scroll            |       |       |     6 |    13 |    14 |     4 ||    37
       Potion            |       |       |     2 |       |     4 |     8 ||    14
 Stab: Petrified         |       |       |       |     2 |       |       ||     2
       Distracted        |       |       |       |       |       |     1 ||     1
Armor: Scale mail        |    39 |    50 |    71 |    25 |       |       ||   185
       Plate armour      |       |       |       |   234 |   295 |   178 ||   707
       Chain mail        |       |       |       |       |    76 |       ||    76
Dodge: Dodged            |    37 |    37 |   117 |   341 |   630 |   387 ||  1549
Block: Buckler           |    15 |    22 |    46 |   195 |   270 |    27 ||   575
       Kite shield       |       |       |       |       |       |   409 ||   409
